[Event "Vienna Chess Open 2019"]
[Site "Vienna"]
[Date "2019.08.23"]
[Round "8.4"]
[White "Bawart, Markus"]
[Black "Ankit, R. Rajpara"]
[Result "1-0"]
[ECO "A45"]
[WhiteElo "2364"]
[BlackElo "2454"]
[Annotator "ChessBase"]
[PlyCount "69"]
[EventDate "2019.08.17"]
[EventType "swiss"]
[EventCountry "AUT"]
[SourceTitle "playchess.com"]
[Source "ChessBase"]
[SourceQuality "1"]
[TimeControl "40/5400+30:1800+30"]

1. d4 Nf6 2. Bf4 e6 3. e3 d5 4. Nf3 Bd6 5. Bd3 O-O 6. O-O b6 7. Nbd2 Ba6 8. Ne5 c5 9. Bxa6 Nxa6 10. Bg5 Nb8 11. Qf3 Be7 12. c4 cxd4 13. exd4 Qd6 14. cxd5 Nxd5 15. Ndc4 Qc7 16. Bxe7 Qxe7 17. Ne3 Nxe3 18. fxe3 Na6 19. Nc6 Qd7 20. Rac1 f6 21. b4 Nc7 22. e4 Nb5 23. Qd3 Nd6 24. b5 Kh8 25. a4 Rac8 26. d5 Nb7 27. Qh3 Nc5 28. Rxc5 bxc5 29. Qxe6 Qxe6 30. dxe6 a6 31. Rd1 Rfe8 32. Rd6 axb5 33. axb5 Rc7 34. b6 Rb7 35. Rd8 1-0

[Event "Vienna Chess Open 2019"]
[Site "Vienna"]
[Date "2019.08.23"]
[Round "8.5"]
[White "Moucheroud, Jeremy"]
[Black "Haldorsen, Benjamin"]
[Result "1-0"]
[ECO "B48"]
[WhiteElo "2452"]
[BlackElo "2452"]
[Annotator "ChessBase"]
[PlyCount "65"]
[EventDate "2019.08.17"]
[EventType "swiss"]
[EventCountry "AUT"]
[SourceTitle "playchess.com"]
[Source "ChessBase"]
[SourceQuality "1"]
[TimeControl "40/5400+30:1800+30"]

1. e4 c5 2. Nf3 e6 3. d4 cxd4 4. Nxd4 Nc6 5. Nc3 Qc7 6. Be3 a6 7. Qf3 d6 8. O-O-O Bd7 9. Qg3 Nf6 10. f4 b5 11. Nxc6 Bxc6 12. e5 dxe5 13. fxe5 Nd5 14. Nxd5 Bxd5 15. Kb1 g6 16. Bd3 Bg7 17. Bf4 O-O 18. h4 h5 19. Rhg1 Qa5 20. b3 Qc3 21. Qe1 Rfc8 22. Qxc3 Rxc3 23. Rdf1 b4 24. g4 hxg4 25. Rxg4 Rcc8 26. Rg3 Kf8 27. Bd2 Bxe5 28. Rxg6 a5 29. Bh6+ Ke7 30. Bg5+ Kd6 31. Rxf7 Rf8 32. Be7+ Kc6 33. Rxf8 1-0

[Event "Vienna Chess Open 2019"]
[Site "Vienna"]
[Date "2019.08.23"]
[Round "8.5"]
[White "Bakhmatsky, Vladislav"]
[Black "Kojima, Shinya"]
[Result "1/2-1/2"]
[ECO "B12"]
[WhiteElo "2442"]
[BlackElo "2390"]
[Annotator "NA"]
[PlyCount "47"]
[EventDate "2019.08.17"]
[EventType "swiss"]
[EventCountry "AUT"]
[SourceTitle "playchess.com"]
[Source "ChessBase"]
[SourceQuality "1"]
[TimeControl "40/5400+30:1800+30"]

1. e4 c6 2. d4 d5 3. e5 Bf5 4. Nf3 e6 5. Be2 Ne7 6. O-O Bg6 7. Nbd2 c5 8. c4 cxd4 9. Nxd4 Nec6 10. N2f3 dxc4 11. Bxc4 Be7 12. Qa4 O-O 13. Rd1 Qa5 14. Qxa5 Nxa5 15. Be2 Rd8 16. Bf4 Nbc6 17. Nb5 a6 18. Nd6 Rd7 19. Bd2 f6 20. Nc4 Nxc4 21. Bxc4 Bf7 22. Bc3 Rad8 23. Rxd7 Rxd7 24. a3 1/2-1/2

[Event "Vienna Chess Open 2019"]
[Site "Vienna"]
[Date "2019.08.23"]
[Round "8.5"]
[White "Menezes, Christoph"]
[Black "Gumularz, Szymon"]
[Result "1/2-1/2"]
[ECO "A29"]
[WhiteElo "2420"]
[BlackElo "2501"]
[Annotator "ChessBase"]
[PlyCount "50"]
[EventDate "2019.08.17"]
[EventType "swiss"]
[EventCountry "AUT"]
[SourceTitle "playchess.com"]
[Source "ChessBase"]
[SourceQuality "1"]
[TimeControl "40/5400+30:1800+30"]

1. c4 Nf6 2. Nc3 e5 3. Nf3 Nc6 4. g3 d5 5. cxd5 Nxd5 6. Bg2 Nb6 7. O-O Be7 8. a3 O-O 9. b4 Be6 10. Rb1 f6 11. b5 Nd4 12. e3 Nxf3+ 13. Bxf3 Rb8 14. d4 exd4 15. exd4 Bf7 16. Re1 Re8 17. a4 Bf8 18. Rxe8 Qxe8 19. Bf4 Bd6 20. Bxd6 cxd6 21. a5 Nc4 22. Ra1 Qd7 23. a6 d5 24. axb7 Rxb7 25. Bh5 Nb6 1/2-1/2

[Event "Vienna Chess Open 2019"]
[Site "Vienna"]
[Date "2019.08.23"]
[Round "8.6"]
[White "Akesson, Ralf"]
[Black "Fedorovsky, Michael"]
[Result "1-0"]
[ECO "E46"]
[WhiteElo "2441"]
[BlackElo "2441"]
[Annotator "NA"]
[PlyCount "53"]
[EventDate "2019.08.17"]
[EventType "swiss"]
[EventCountry "AUT"]
[SourceTitle "playchess.com"]
[Source "ChessBase"]
[SourceQuality "1"]
[TimeControl "40/5400+30:1800+30"]

1. d4 Nf6 2. c4 e6 3. Nc3 Bb4 4. e3 O-O 5. Nge2 c6 6. a3 Ba5 7. b4 Bc7 8. e4 d5 9. e5 Nfd7 10. Ng3 f6 11. exf6 Qxf6 12. Be3 e5 13. cxd5 exd4 14. Nce4 Qg6 15. d6 dxe3 16. Bc4+ Kh8 17. dxc7 exf2+ 18. Nxf2 Re8+ 19. Be2 Na6 20. O-O Nf6 21. Bxa6 bxa6 22. Qd6 Bb7 23. Nd3 Rac8 24. Ne5 Qc2 25. Rxf6 gxf6 26. Qxf6+ Kg8 27. Nf5 1-0

[Event "Vienna Chess Open 2019"]
[Site "Vienna"]
[Date "2019.08.23"]
[Round "8.6"]
[White "Miralles, Gilles"]
[Black "Hecht, Carsten"]
[Result "1/2-1/2"]
[ECO "D97"]
[WhiteElo "2300"]
[BlackElo "2427"]
[Annotator "NA"]
[PlyCount "84"]
[EventDate "2019.08.17"]
[EventType "swiss"]
[EventCountry "AUT"]
[SourceTitle "playchess.com"]
[Source "ChessBase"]
[SourceQuality "1"]
[TimeControl "40/5400+30:1800+30"]

1. d4 Nf6 2. c4 g6 3. Nc3 d5 4. Nf3 Bg7 5. Qb3 dxc4 6. Qxc4 O-O 7. e4 a6 8. e5 b5 9. Qb3 Nfd7 10. e6 fxe6 11. Qxe6+ Kh8 12. Qd5 Nb6 13. Qxd8 Rxd8 14. Bf4 Ra7 15. O-O-O Nc6 16. Bd3 Nxd4 17. Nxd4 Rxd4 18. Be3 Rd6 19. Ne4 Rc6+ 20. Bc2 h6 21. Rd8+ Kh7 22. h4 Be5 23. h5 Bf5 24. hxg6+ Kg7 25. Bxh6+ Kxg6 26. f3 Bxe4 27. fxe4 Ra8 28. Rxa8 Nxa8 29. Be3 Rf6 30. Bc5 Nb6 31. b3 Nc8 32. Kd1 Nd6 33. Ke2 Rf4 34. Be3 Rg4 35. Kf3 Rg3+ 36. Kf2 Rg4 37. Rh3 Kg7 38. Kf3 Rg6 39. Rh5 Nf7 40. Bd3 Rd6 41. Ke2 Rg6 42. Kf3 Rd6 1/2-1/2

[Event "Vienna Chess Open 2019"]
[Site "Vienna"]
[Date "2019.08.23"]
[Round "8.7"]
[White "Suta, Andraz"]
[Black "Mesaros, Florian"]
[Result "1-0"]
[ECO "B90"]
[WhiteElo "2420"]
[BlackElo "2268"]
[Annotator "NA"]
[PlyCount "95"]
[EventDate "2019.08.17"]
[EventType "swiss"]
[EventCountry "AUT"]
[SourceTitle "playchess.com"]
[Source "ChessBase"]
[SourceQuality "1"]
[TimeControl "40/5400+30:1800+30"]

1. e4 c5 2. Nf3 d6 3. d4 cxd4 4. Nxd4 Nf6 5. Nc3 a6 6. Be3 e5 7. Nb3 Be6 8. f3 Be7 9. Qd2 Nbd7 10. O-O-O b5 11. Nd5 Bxd5 12. exd5 Nb6 13. Bxb6 Qxb6 14. Na5 O-O 15. Nc6 Bd8 16. g4 Qb7 17. Bd3 Bb6 18. Be4 Bc5 19. Rde1 a5 20. h4 a4 21. h5 a3 22. b4 Bb6 23. Ref1 Nd7 24. g5 Nb8 25. Bxh7+ Kxh7 26. g6+ Kg8 27. h6 fxg6 28. hxg7 Qxg7 29. Rh6 e4 30. Rxg6 Ra7 31. Rxg7+ Rxg7 32. Nxb8 e3 33. Qh2 Rxb8 34. Rh1 Re8 35. Qxd6 Bd4 36. Qc6 Bb2+ 37. Kb1 Kf7 38. c3 e2 39. Qd7+ Re7 40. Qf5+ Kg8 41. Qc8+ Kf7 42. Qf5+ Kg8 43. Re1 Re3 44. d6 Bxc3 45. d7 Rxd7 46. Qxd7 Bxe1 47. Qg4+ Kh7 48. Qh5+ 1-0

[Event "Vienna Chess Open 2019"]
[Site "Vienna"]
[Date "2019.08.23"]
[Round "8.7"]
[White "Ruff, Maximilian"]
[Black "Janzelj, Tim"]
[Result "0-1"]
[ECO "D35"]
[WhiteElo "2353"]
[BlackElo "2353"]
[Annotator "NA"]
[PlyCount "74"]
[EventDate "2019.08.17"]
[EventType "swiss"]
[EventCountry "AUT"]
[SourceTitle "playchess.com"]
[Source "ChessBase"]
[SourceQuality "1"]
[TimeControl "40/5400+30:1800+30"]

1. c4 e6 2. Nc3 d5 3. d4 Nf6 4. cxd5 Nxd5 5. e4 Nxc3 6. bxc3 c5 7. Nf3 cxd4 8. cxd4 Bb4+ 9. Bd2 Bxd2+ 10. Qxd2 O-O 11. Bc4 b6 12. O-O Bb7 13. Rfe1 Nd7 14. a4 Rc8 15. Bd3 Qc7 16. a5 Rfd8 17. axb6 axb6 18. Ra3 h6 19. h3 Ra8 20. Rc3 Qb8 21. Rec1 Nf6 22. Qe3 Ra4 23. Rc7 Ra3 24. d5 Ba6 25. Bxa6 Rxe3 26. fxe3 Kh7 27. d6 Rxd6 28. e5 Rd7 29. Rc8 Qa7 30. Bb5 Rd5 31. Bc6 b5 32. Kh1 Ne4 33. Bxd5 exd5 34. Nd4 Qa3 35. Nxb5 Qxe3 36. Nd6 Nf2+ 37. Kg1 Nd3+ 0-1

[Event "Vienna Chess Open 2019"]
[Site "Vienna"]
[Date "2019.08.23"]
[Round "8.8"]
[White "Blohberger, Felix"]
[Black "Halvax, Georg"]
[Result "1/2-1/2"]
[ECO "A06"]
[WhiteElo "2467"]
[BlackElo "2403"]
[Annotator "ChessBase"]
[PlyCount "52"]
[EventDate "2019.08.17"]
[EventType "swiss"]
[EventCountry "AUT"]
[SourceTitle "playchess.com"]
[Source "ChessBase"]
[SourceQuality "1"]
[TimeControl "40/5400+30:1800+30"]

1. Nf3 d5 2. g3 Bg4 3. Bg2 Nf6 4. h3 Bh5 5. O-O e6 6. c4 c6 7. d4 Nbd7 8. cxd5 exd5 9. Qb3 Qb6 10. Qe3+ Be7 11. Nh4 Bg6 12. Nc3 Qd8 13. Nxg6 hxg6 14. Rb1 O-O 15. Qd3 Nb6 16. b4 a6 17. a4 Re8 18. Rd1 Nc8 19. a5 Nd6 20. Bf4 Bf8 21. Na4 Nc4 22. Bg5 Nd6 23. Nc5 Qc8 24. Bxf6 gxf6 25. h4 f5 26. Qd2 Qd8 1/2-1/2

[Event "Vienna Chess Open 2019"]
[Site "Vienna"]
[Date "2019.08.23"]
[Round "8.8"]
[White "Morgunov, Marc"]
[Black "Ozen, Deniz"]
[Result "1/2-1/2"]
[ECO "C07"]
[WhiteElo "2429"]
[BlackElo "2429"]
[Annotator "NA"]
[PlyCount "44"]
[EventDate "2019.08.17"]
[EventType "swiss"]
[EventCountry "AUT"]
[SourceTitle "playchess.com"]
[Source "ChessBase"]
[SourceQuality "1"]
[TimeControl "40/5400+30:1800+30"]

1. e4 e6 2. d4 d5 3. Nd2 c5 4. exd5 Qxd5 5. Ngf3 cxd4 6. Bc4 Qd7 7. O-O Nc6 8. Nb3 a6 9. a4 Nf6 10. Qe2 Bd6 11. Rd1 O-O 12. Nbxd4 e5 13. Nxc6 Qxc6 14. Bg5 Bc7 15. Bxf6 Qxf6 16. Bd5 Rb8 17. Ra3 Bf5 18. Rc3 Bd6 19. Be4 Bxe4 20. Qxe4 h6 21. Rcd3 Bc7 22. Re1 Rfe8 1/2-1/2

[Event "Vienna Chess Open 2019"]
[Site "Vienna"]
[Date "2019.08.23"]
[Round "8.8"]
[White "Subelj, Jan"]
[Black "Pacan-Milej, Kosma"]
[Result "1/2-1/2"]
[ECO "B51"]
[WhiteElo "2288"]
[BlackElo "2418"]
[Annotator "NA"]
[PlyCount "98"]
[EventDate "2019.08.17"]
[EventType "swiss"]
[EventCountry "AUT"]
[SourceTitle "playchess.com"]
[Source "ChessBase"]
[SourceQuality "1"]
[TimeControl "40/5400+30:1800+30"]

1. e4 c5 2. Nf3 d6 3. Bb5+ Nd7 4. c3 Ngf6 5. Qe2 a6 6. Ba4 b5 7. Bc2 e5 8. d4 Be7 9. O-O O-O 10. Rd1 Qc7 11. b3 Nb6 12. d5 c4 13. h3 cxb3 14. axb3 Nfd7 15. Nfd2 Nc5 16. Nf1 f5 17. exf5 Bxf5 18. Be3 Bxc2 19. Qxc2 Bh4 20. c4 b4 21. Nbd2 Nbd7 22. Ne4 Nxe4 23. Qxe4 Bd8 24. Ng3 a5 25. Qg4 Kh8 26. Ne4 Nf6 27. Qf3 Nd7 28. Qe2 Rc8 29. Rac1 Qb8 30. c5 dxc5 31. Nxc5 Nxc5 32. Bxc5 Rf7 33. Bd6 Qb7 34. Qxe5 Bb6 35. Bc5 Bxc5 36. Rxc5 Rcf8 37. Rdc1 Qb6 38. Qe6 Qa7 39. Qe3 a4 40. bxa4 Qxa4 41. Rc8 b3 42. Qe7 Qf4 43. Qe3 Qxf2+ 44. Qxf2 Rxf2 45. d6 b2 46. Rxf8+ Rxf8 47. Rb1 Rb8 48. d7 Kg8 49. Rxb2 Rd8 1/2-1/2

[Event "Vienna Chess Open 2019"]
[Site "Vienna"]
[Date "2019.08.23"]
[Round "8.9"]
[White "Abdumalik, Zhansaya"]
[Black "Gungl, Theo"]
[Result "1-0"]
[ECO "B90"]
[WhiteElo "2457"]
[BlackElo "2344"]
[Annotator "ChessBase"]
[PlyCount "67"]
[EventDate "2019.08.17"]
[EventType "swiss"]
[EventCountry "AUT"]
[SourceTitle "playchess.com"]
[Source "ChessBase"]
[SourceQuality "1"]
[TimeControl "40/5400+30:1800+30"]

1. e4 c5 2. Nf3 d6 3. d4 cxd4 4. Nxd4 Nf6 5. Nc3 a6 6. h3 e6 7. g4 Nfd7 8. Be3 Be7 9. Bg2 Nc6 10. h4 Nde5 11. g5 Nc4 12. Bc1 O-O 13. b3 Qa5 14. Nxc6 bxc6 15. Qd3 Ne5 16. Qg3 Qc5 17. f4 Nd7 18. Bb2 f5 19. O-O-O d5 20. exd5 exd5 21. Nxd5 Bd6 22. h5 Rb8 23. h6 g6 24. c4 cxd5 25. Rxd5 Qc7 26. Rxd6 Qxd6 27. Bd5+ Rf7 28. Rd1 Qb4 29. Qe3 Kf8 30. Bxf7 Kxf7 31. Re1 Qxe1+ 32. Qxe1 Bb7 33. Qd2 Ke8 34. Qd6 1-0

[Event "Vienna Chess Open 2019"]
[Site "Vienna"]
[Date "2019.08.23"]
[Round "8.9"]
[White "Kowalski, Igor"]
[Black "Ravi, Teja S."]
[Result "1/2-1/2"]
[ECO "D10"]
[WhiteElo "2420"]
[BlackElo "2420"]
[Annotator "NA"]
[PlyCount "45"]
[EventDate "2019.08.17"]
[EventType "swiss"]
[EventCountry "AUT"]
[SourceTitle "playchess.com"]
[Source "ChessBase"]
[SourceQuality "1"]
[TimeControl "40/5400+30:1800+30"]

1. d4 d5 2. c4 c6 3. cxd5 cxd5 4. Nc3 Nf6 5. Bf4 Nc6 6. e3 Bf5 7. Qb3 Na5 8. Qa4+ Bd7 9. Qc2 e6 10. Bd3 Be7 11. Nf3 Nc6 12. a3 Nh5 13. Be5 f6 14. Bg3 f5 15. Ne5 Nxg3 16. Nxc6 Bxc6 17. hxg3 h5 18. Qe2 h4 19. gxh4 Rxh4 20. O-O-O Bf8 21. g3 Rxh1 22. Rxh1 Qg5 23. Rh5 1/2-1/2

[Event "Vienna Chess Open 2019"]
[Site "Vienna"]
[Date "2019.08.23"]
[Round "8.9"]
[White "Pfreundt, Jakob"]
[Black "Nielsen, Viktor Haarmark"]
[Result "1/2-1/2"]
[ECO "D45"]
[WhiteElo "2410"]
[BlackElo "2410"]
[Annotator "NA"]
[PlyCount "94"]
[EventDate "2019.08.17"]
[EventType "swiss"]
[EventCountry "AUT"]
[SourceTitle "playchess.com"]
[Source "ChessBase"]
[SourceQuality "1"]
[TimeControl "40/5400+30:1800+30"]

1. d4 d5 2. c4 c6 3. Nf3 Nf6 4. Nc3 e6 5. e3 Nbd7 6. Be2 Bd6 7. O-O O-O 8. Qc2 b6 9. e4 Nxe4 10. Nxe4 dxe4 11. Qxe4 Bb7 12. Rd1 Qe7 13. Bg5 f6 14. Bd3 g6 15. Bh6 Rfe8 16. h4 f5 17. Qe2 c5 18. dxc5 Nxc5 19. Bc2 Bc7 20. Ng5 a5 21. b3 Qf6 22. Rab1 Rad8 23. Rxd8 Rxd8 24. Rd1 Rxd1+ 25. Qxd1 Qe5 26. g3 Qc3 27. h5 gxh5 28. Nh3 Qf3 29. Qxf3 Bxf3 30. a3 Kf7 31. Ng5+ Kg6 32. Nxf3 Kxh6 33. b4 axb4 34. axb4 Nb7 35. Nd4 Nd8 36. c5 bxc5 37. bxc5 Kg6 38. Nb5 Bb8 39. Bd1 e5 40. Bb3 Kf6 41. Bd5 e4 42. c6 Ke5 43. c7 Bxc7 44. Nxc7 Kd6 45. Bg8 Kxc7 46. Bxh7 f4 47. gxf4 Kd6 1/2-1/2

[Event "Vienna Chess Open 2019"]
[Site "Vienna"]
[Date "2019.08.23"]
[Round "8.10"]
[White "Swicarz, Maciej"]
[Black "Barp, Alberto"]
[Result "1-0"]
[ECO "C45"]
[WhiteElo "2411"]
[BlackElo "2411"]
[Annotator "NA"]
[PlyCount "113"]
[EventDate "2019.08.17"]
[EventType "swiss"]
[EventCountry "AUT"]
[SourceTitle "playchess.com"]
[Source "ChessBase"]
[SourceQuality "1"]
[TimeControl "40/5400+30:1800+30"]

1. e4 e5 2. Nf3 Nc6 3. d4 exd4 4. Nxd4 Bc5 5. Nb3 Bb6 6. Nc3 Nf6 7. Qe2 d6 8. Be3 O-O 9. O-O-O Be6 10. Kb1 Qe7 11. f3 Ne5 12. h3 Nh5 13. Bxb6 axb6 14. Qf2 f5 15. exf5 Rxf5 16. Nd4 Rf7 17. g3 Nf6 18. Nxe6 Qxe6 19. Qe3 Qe7 20. f4 Ned7 21. Qd4 c6 22. Qxd6 Nd5 23. Qxe7 Nxc3+ 24. bxc3 Rxe7 25. Bc4+ Kf8 26. Rhe1 Rae8 27. Rxe7 Rxe7 28. Kc1 h6 29. Rd6 Nf6 30. Rd8+ Re8 31. Rxe8+ Kxe8 32. Bd3 Ke7 33. Bg6 Kd6 34. Kd2 Kd5 35. Kd3 Kd6 36. c4 Ng8 37. g4 Ne7 38. Bf7 Nc8 39. Kd4 Ke7 40. Bg6 Kf6 41. Bd3 g5 42. f5 Ne7 43. c5 b5 44. Be4 Ng8 45. a3 Ne7 46. c4 bxc4 47. Kxc4 Ke5 48. Bh1 Ng8 49. a4 Ne7 50. a5 Kf6 51. Kd4 h5 52. Be4 h4 53. Bf3 Nc8 54. a6 bxa6 55. Bxc6 a5 56. Ba4 Ne7 57. c6 1-0

[Event "Vienna Chess Open 2019"]
[Site "Vienna"]
[Date "2019.08.23"]
[Round "8.10"]
[White "Fernandez Garcia, Jose Luis"]
[Black "Matt, Fabian"]
[Result "1-0"]
[ECO "C00"]
[WhiteElo "2271"]
[BlackElo "2271"]
[Annotator "NA"]
[PlyCount "99"]
[EventDate "2019.08.17"]
[EventType "swiss"]
[EventCountry "AUT"]
[SourceTitle "playchess.com"]
[Source "ChessBase"]
[SourceQuality "1"]
[TimeControl "40/5400+30:1800+30"]

1. e4 e6 2. Nf3 d5 3. exd5 exd5 4. d4 Bd6 5. c4 c6 6. Nc3 Ne7 7. Bd3 O-O 8. O-O Nd7 9. cxd5 Nxd5 10. Nxd5 cxd5 11. Re1 h6 12. Qb3 Nf6 13. Bd2 Qb6 14. Qxb6 axb6 15. a3 Bd7 16. Ne5 Be8 17. Bb4 Bxb4 18. axb4 Bd7 19. f3 Rxa1 20. Rxa1 Rc8 21. Ra7 Rb8 22. Kf2 Kf8 23. Ke3 Ke7 24. h4 Ne8 25. b5 Nd6 26. Nc6+ bxc6 27. bxc6 Rd8 28. Kf4 f6 29. h5 Ke8 30. Bg6+ Ke7 31. Bd3 Ke8 32. Bg6+ Ke7 33. Bb1 Ke8 34. cxd7+ Rxd7 35. Ra6 b5 36. Bf5 Rd8 37. Ra7 Kf8 38. Be6 b4 39. g4 Nb5 40. Rf7+ Ke8 41. Rxg7 Nxd4 42. Bf5 Nxf5 43. Rg8+ Ke7 44. Rxd8 Kxd8 45. Kxf5 Ke7 46. f4 d4 47. Ke4 f5+ 48. gxf5 Kf6 49. Kxd4 Kxf5 50. Ke3 1-0

[Event "Vienna Chess Open 2019"]
[Site "Vienna"]
[Date "2019.08.23"]
[Round "8.11"]
[White "Yurtseven, Melih"]
[Black "Nasuta, Grzegorz"]
[Result "0-1"]
[ECO "D10"]
[WhiteElo "2396"]
[BlackElo "2533"]
[Annotator "ChessBase"]
[PlyCount "73"]
[EventDate "2019.08.17"]
[EventType "swiss"]
[EventCountry "AUT"]
[SourceTitle "playchess.com"]
[Source "ChessBase"]
[SourceQuality "1"]
[TimeControl "40/5400+30:1800+30"]

1. d4 d5 2. c4 c6 3. cxd5 cxd5 4. Bg5 f6 5. Bd2 Nc6 6. Nc3 Bf5 7. e4 dxe4 8. d5 Ne5 9. Nh3 g6 10. Nf4 Kf7 11. Be2 Bh6 12. O-O Qd7 13. h3 g5 14. Ne6 Bxe6 15. dxe6+ Qxe6 16. Nxe4 Rd8 17. Qc2 g4 18. Bc3 gxh3 19. g3 Kg7 20. Rad1 Rxd1 21. Rxd1 Qf5 22. f4 Bxf4 23. gxf4 Qg6+ 24. Kf2 Qg2+ 25. Ke3 Ng4+ 26. Kd3 N8h6 27. Bd4 Rd8 28. Qc7 Rxd4+ 29. Kxd4 Qxe2 30. Qxe7+ Nf7 31. Rd2 Qe3+ 32. Kc4 f5 33. Nd6 Qxe7 34. Nxf5+ Kf6 35. Nxe7 Kxe7 36. Rd3 Ng5 37. Kd4 0-1

[Event "Vienna Chess Open 2019"]
[Site "Vienna"]
[Date "2019.08.23"]
[Round "8.11"]
[White "Curien, Nicolas"]
[Black "Miedema, David"]
[Result "0-1"]
[ECO "D00"]
[WhiteElo "2371"]
[BlackElo "2371"]
[Annotator "NA"]
[PlyCount "50"]
[EventDate "2019.08.17"]
[EventType "swiss"]
[EventCountry "AUT"]
[SourceTitle "playchess.com"]
[Source "ChessBase"]
[SourceQuality "1"]
[TimeControl "40/5400+30:1800+30"]

1. d4 d5 2. Bf4 Nf6 3. e3 c5 4. c3 Qb6 5. Qb3 c4 6. Qc2 g6 7. Nd2 Bf5 8. Qc1 Bg7 9. h3 O-O 10. Ngf3 Nc6 11. Be2 Rfc8 12. O-O Qd8 13. g4 Bd7 14. Ne5 Be6 15. b4 Nxe5 16. Bxe5 a5 17. Bxf6 exf6 18. b5 f5 19. Qd1 fxg4 20. hxg4 h5 21. e4 hxg4 22. f4 gxf3 23. Bxf3 Qg5+ 24. Kh1 Qh4+ 25. Kg1 Bh6 0-1

[Event "Vienna Chess Open 2019"]
[Site "Vienna"]
[Date "2019.08.23"]
[Round "8.12"]
[White "Kummer, Helmut"]
[Black "Valmana Canto, Jaime"]
[Result "0-1"]
[ECO "E73"]
[WhiteElo "2406"]
[BlackElo "2406"]
[Annotator "NA"]
[PlyCount "134"]
[EventDate "2019.08.17"]
[EventType "swiss"]
[EventCountry "AUT"]
[SourceTitle "playchess.com"]
[Source "ChessBase"]
[SourceQuality "1"]
[TimeControl "40/5400+30:1800+30"]

1. d4 Nf6 2. c4 g6 3. Nc3 Bg7 4. e4 d6 5. Be2 O-O 6. Bg5 Na6 7. Qd2 e5 8. d5 Qe8 9. Bd3 Nh5 10. Nge2 f5 11. f3 Nc5 12. Bc2 a5 13. b3 Bd7 14. O-O-O Nf6 15. h3 fxe4 16. fxe4 Kh8 17. Rdf1 Ng8 18. g4 Ne7 19. Ng3 Nc8 20. Bd1 Nb6 21. Be2 Na6 22. Nb5 Bxb5 23. cxb5 Nc5 24. h4 Rxf1+ 25. Rxf1 Qd7 26. Bh6 Bxh6 27. Qxh6 Qg7 28. Qxg7+ Kxg7 29. g5 Nbd7 30. Kd2 Rf8 31. Ke3 h6 32. Rxf8 Nxf8 33. gxh6+ Kxh6 34. Bd1 Nfd7 35. Be2 a4 36. b4 Nb3 37. Bd1 Nd4 38. Bxa4 Nb6 39. Bb3 Nxb3 40. axb3 Nc8 41. Kd3 b6 42. Kc3 Na7 43. Kc4 Kg7 44. Kd3 Nxb5 45. h5 g5 46. Nf5+ Kh7 47. Ke3 Nd4 48. Kf2 Nxb3 49. Kf3 Nd2+ 50. Ke3 Nb1 51. Kf3 Nc3 52. Ng3 Na2 53. Kg4 Nxb4 54. Kxg5 Nd3 55. Kg4 b5 56. Kf3 Nf4 57. Ke3 Kh6 58. Nf5+ Kxh5 59. Ng7+ Kg4 60. Ne6 c5 61. Nc7 b4 62. Nb5 c4 63. Nxd6 c3 64. Nb5 c2 65. Kd2 b3 66. Nc3 Kg5 67. d6 Kf6 0-1

[Event "Vienna Chess Open 2019"]
[Site "Vienna"]
[Date "2019.08.23"]
[Round "8.12"]
[White "Soysal, Serkan"]
[Black "Kindermann, Stefan"]
[Result "1-0"]
[ECO "A80"]
[WhiteElo "2388"]
[BlackElo "2388"]
[Annotator "NA"]
[PlyCount "73"]
[EventDate "2019.08.17"]
[EventType "swiss"]
[EventCountry "AUT"]
[SourceTitle "playchess.com"]
[Source "ChessBase"]
[SourceQuality "1"]
[TimeControl "40/5400+30:1800+30"]

1. d4 f5 2. Nc3 Nf6 3. Bg5 d5 4. Bxf6 exf6 5. e3 Be6 6. Qf3 Qd7 7. Bb5 c6 8. Bd3 Bd6 9. Nge2 g6 10. h3 Na6 11. Bxa6 bxa6 12. b3 g5 13. g3 O-O-O 14. O-O-O h5 15. h4 f4 16. exf4 gxf4 17. Qd3 fxg3 18. fxg3 Bg4 19. Qxa6+ Qb7 20. Qxb7+ Kxb7 21. Rde1 Rhg8 22. Rhf1 Bb4 23. Kb2 Bxe2 24. Rxe2 Rxg3 25. Na4 Rg4 26. Rxf6 Rd7 27. a3 Be7 28. Rfe6 Bf8 29. Re8 Bd6 30. Nc5+ Bxc5 31. dxc5 Rxh4 32. Rh8 Rg4 33. Ree8 h4 34. Rb8+ Ka6 35. Rh6 Rc7 36. b4 Rc4 37. Kb3 1-0

[Event "Vienna Chess Open 2019"]
[Site "Vienna"]
[Date "2019.08.23"]
[Round "8.12"]
[White "Pieper, Thomas"]
[Black "Muckle, Julius"]
[Result "0-1"]
[ECO "C11"]
[WhiteElo "2368"]
[BlackElo "2368"]
[Annotator "NA"]
[PlyCount "64"]
[EventDate "2019.08.17"]
[EventType "swiss"]
[EventCountry "AUT"]
[SourceTitle "playchess.com"]
[Source "ChessBase"]
[SourceQuality "1"]
[TimeControl "40/5400+30:1800+30"]

1. e4 e6 2. d4 d5 3. Nc3 Nf6 4. e5 Nfd7 5. f4 c5 6. Nf3 Nc6 7. Be3 Be7 8. Qd2 O-O 9. dxc5 Qa5 10. O-O-O b6 11. Bb5 Nb4 12. a3 bxc5 13. Kb1 Rb8 14. Bxd7 Bxd7 15. axb4 cxb4 16. Nxd5 exd5 17. Qxd5 Qxd5 18. Rxd5 Bc6 19. Ra5 Rfc8 20. Nd2 Bxg2 21. Rg1 Bh3 22. Nb3 Bf5 23. Nd4 Be4 24. f5 Bd8 25. Rxa7 Bb6 26. Ra6 Bxd4 27. Bxd4 Bxc2+ 28. Ka2 Ra8 29. Ba7 Rc7 30. b3 Rcxa7 31. Rxa7 Rxa7+ 32. Kb2 Bxf5 0-1

[Event "Vienna Chess Open 2019"]
[Site "Vienna"]
[Date "2019.08.24"]
[Round "9.1"]
[White "Valsecchi, Alessio"]
[Black "Bick, Gabriel"]
[Result "1-0"]
[ECO "C78"]
[WhiteElo "2494"]
[BlackElo "2375"]
[Annotator "ChessBase"]
[PlyCount "134"]
[EventDate "2019.08.17"]
[EventType "swiss"]
[EventCountry "AUT"]
[SourceTitle "playchess.com"]
[Source "ChessBase"]
[SourceQuality "1"]
[TimeControl "40/5400+30:1800+30"]

1. e4 e5 2. Nf3 Nc6 3. Bb5 a6 4. Ba4 Nf6 5. O-O Bc5 6. c3 b5 7. Bb3 d6 8. a4 Rb8 9. d4 Bb6 10. a5 Ba7 11. Be3 Bg4 12. Nbd2 exd4 13. cxd4 O-O 14. h3 Bh5 15. Qc2 Nb4 16. Qc3 c5 17. Bg5 h6 18. Bxf6 Qxf6 19. e5 Qe7 20. Rfe1 cxd4 21. Nxd4 dxe5 22. Nf5 Qc5 23. Rxe5 Qxc3 24. Ne7+ Kh8 25. bxc3 Bxf2+ 26. Kf1 Bg6 27. Nf3 Nd3 28. Rd5 Nc5 29. Nxg6+ fxg6 30. Bc2 Be3 31. Re1 Rbe8 32. Bxg6 Re7 33. Rxe3 Rxe3 34. Rxc5 Re6 35. Bf5 Ref6 36. Bc2 Re8 37. Kg1 Kg8 38. Ne5 Rd8 39. Nc6 Re8 40. Nb4 Re1+ 41. Kh2 Ra1 42. Rc8+ Kf7 43. Rc7+ Kf8 44. Bb3 g6 45. Nc6 Ra3 46. Rc8+ Kg7 47. Nd4 Rd6 48. Rc7+ Kf6 49. h4 Ke5 50. Re7+ Kf6 51. Rf7+ Ke5 52. h5 gxh5 53. Rf5+ Ke4 54. Bc2+ Ke3 55. Rf3+ Kd2 56. Rd3+ Kc1 57. Ne2+ Kxc2 58. Rxd6 Rxa5 59. Kg3 Ra1 60. Rxh6 a5 61. Rxh5 a4 62. Nd4+ Kxc3 63. Nxb5+ Kc4 64. Kf3 Rd1 65. g4 Rg1 66. Re5 Kb4 67. g5 Rc1 1-0